 Dungeon Crawl Stone Soup version 0.28.0 (webtiles) character file.

Game seed: 15851374640900275696

5994 jjjjhere the Destroyer (level 10, -2/74 (76) HPs)
             Began as a Gnoll Conjurer on Feb 13, 2022.
             Was a Believer of Makhleb.
             Slain by a yak (12 damage)
             ... on level 9 of the Dungeon.
             The game lasted 00:17:02 (10785 turns).

jjjjhere the Destroyer (Gnoll Conjurer)            Turns: 10785, Time: 00:17:02

HP:   -2/74 (76)    AC: 12    Str: 12    XL:     10   Next: 85%
MP:   15/21         EV: 12    Int: 17    God:    Makhleb [**....]
Gold: 273           SH:  0    Dex: 10    Spells: 8/24 levels left

rFire   . . .      SeeInvis .   b - +1 dagger (venom)
rCold   + . .      Faith    +   (no shield)
rNeg    . . .      Spirit   .   D - +0 ring mail
rPois   .          Reflect  .   B - +1 helmet
rElec   .          Harm     .   E - scarf {repulsion}
rCorr   .          Rampage  .   z - +1 pair of gloves
Will    .....                   m - +0 pair of boots
Stlth   +++.......              r - amulet of faith
HPRegen 0.22/turn               t - ring of protection from cold
MPRegen 0.17/turn               (no ring)

@: about to teleport, lightly drained, repel missiles
A: fangs 1, strong nose, distributed training
a: Renounce Religion, Minor Destruction


You were on level 9 of the Dungeon.
You worshipped Makhleb.
Makhleb was pleased with you.
You visited 2 branches of the dungeon, and saw 11 of its levels.

You collected 429 gold pieces.
You spent 156 gold pieces at shops.

Inventory:

Hand Weapons
 a - the +9 hunting sling of Prudence {freeze, rPois Will- rCorr Str+4}
   (You found it on level 4 of the Dungeon)

   Any ammunition fired from it freezes those it strikes, dealing additional
   cold damage.
   It can also slow down cold-blooded creatures.
   Str:       It affects your strength (+4).
   rPois:     It protects you from poison.
   rCorr:     It protects you from acid and corrosion.
   Will:      It decreases your willpower.
 b - a +1 dagger of venom (weapon)
Missiles
 j - 31 sling bullets
 v - 88 stones
 C - 4 atropa-tipped darts
 F - 3 curare-tipped darts
Armour
 m - a +0 pair of boots (worn)
 p - a +0 cloak
 z - a +1 pair of gloves (worn)
 B - a +1 helmet (worn)
 D - a +0 ring mail (worn)
 E - a scarf of repulsion (worn)
Jewellery
 i - an amulet of the acrobat
 r - an amulet of faith (around neck)
 t - a ring of protection from cold (left hand)
Wands
 A - a wand of digging (16)
Scrolls
 c - a scroll of magic mapping
 g - a scroll of teleportation
 s - 2 scrolls of enchant armour
 u - a scroll of amnesia {unknown}
 w - 2 scrolls of torment {unknown}
 x - a scroll of immolation {unknown}
 y - 2 scrolls of fear {unknown}
 K - 2 scrolls of brand weapon {unknown}
Potions
 d - 2 potions of brilliance
 e - 2 potions of haste
 f - a potion of might
 h - 2 potions of mutation
 k - a potion of flight
 l - 2 potions of cancellation
 n - 2 potions of curing
 o - a potion of berserk rage {unknown}
 q - 2 potions of attraction
 G - 2 potions of invisibility {unknown}
 H - a potion of heal wounds {unknown}
Miscellaneous
 I - a tin of tremorstones (1/2)
 J - a condenser vane (inert)


   Skills:
 + Level 5.6 Fighting
 + Level 5.6 Short Blades
 + Level 5.6 Long Blades
 + Level 5.6 Axes
 + Level 5.6 Maces & Flails
 + Level 5.6 Polearms
 + Level 5.6 Staves
 + Level 5.6 Slings
 + Level 5.6 Bows
 + Level 5.6 Crossbows
 + Level 5.6 Throwing
 + Level 5.6 Armour
 + Level 7.3 Dodging
 + Level 7.1 Stealth
 + Level 5.6 Shields
 + Level 5.6 Unarmed Combat
 + Level 7.6 Spellcasting
 + Level 8.6 Conjurations
 + Level 4.6 Hexes
 + Level 4.6 Summonings
 + Level 4.6 Necromancy
 + Level 4.6 Translocations
 + Level 4.6 Transmutations
 + Level 4.6 Fire Magic
 + Level 4.6 Ice Magic
 + Level 4.6 Air Magic
 + Level 4.6 Earth Magic
 + Level 4.6 Poison Magic
 + Level 6.2 Invocations
 + Level 5.6 Evocations


You had 8 spell levels left.
You knew the following spells:

 Your Spells              Type           Power      Damage    Failure   Level
a - Magic Dart            Conj           100%       1d8       1%          1
b - Searing Ray           Conj           70%        2d7       1%          2
c - Dazzling Flash        Conj/Hex       58%        N/A       4%          3
d - Ensorcelled Hibernat  Hex/Ice        44%        N/A       4%          2
e - Passwall              Tmut/Erth      18%        N/A       4%          2
f - Tukima's Dance        Hex            22%        N/A       10%         3
g - Swiftness             Air            22%        N/A       10%         3

Your spell library contained the following spells:

 Spells                   Type           Power      Damage    Failure   Level
 Gell's Gravitas          Tloc           22%        N/A       10%         3
 Lesser Beckoning         Tloc           22%        N/A       10%         3
 Portal Projectile        Hex/Tloc       44%        N/A       10%         3
 Teleport Other           Tloc           22%        N/A       10%         3
 Fulminant Prism          Conj/Hex       14%        3d9       14%         4
 Iskenderun's Mystic Bla  Conj/Tloc      29%        2d7       14%         4
 Airstrike                Air            11%        N/A       32%         4
 Anguish                  Hex/Necr       11%        N/A       32%         4
 Summon Lightning Spire   Summ/Air       22%        N/A       32%         4
 Lightning Bolt           Conj/Air       14%        1d28      36%         5
 Blade Hands              Tmut           11%        N/A       65%         5
 Excruciating Wounds      Necr           11%        N/A       65%         5
 Enfeeble                 Hex            11%        N/A       100%        7


Dungeon Overview and Level Annotations

Branches:
Dungeon (10/15)            Temple (1/1) D:5
   Lair: D:8-11         Orc: D:9-12

Altars:
Ashenzari
Cheibriados
Dithmenos
Elyvilon
Fedhas
Gozag
Kikubaaqudgha
Makhleb
Nemelex Xobeh
Okawaru
Qazlal
Ru
Sif Muna
Trog
Uskayaw
Vehumet
Wu Jian
Yredelemnul
Zin
The Shining One
Lugonu

Shops:
D:7 *

Annotations:
D:3 3 runed translucent doors, ooooo's ghost, amateur OpCj
D:4 exclusion: door
D:6 1 runed translucent door, Crazy Yiuf


Innate Abilities, Weirdness & Mutations

You have very sharp teeth.
Your uncanny sense of smell can sniff out nearby items.
Your experience applies equally to all skills.


Message History

The yak gores you but does no damage. The yak gores you!
You climb upwards.
There is a stone staircase leading down here.
Unknown command.
Casting: Tukima's Dance (dangerous; 9% risk of failure)
Confirm with . or Enter, or press ? or * to list all spells.
Okay, then.
As you read the scroll of teleportation, it crumbles to dust.
You feel strangely unstable. The orc hits you but does no damage.
You feel drained. The yak gores you. The orc misses you.
The acid dragon closely misses you.
The acid dragon claws you but does no damage.
The yak gores you but does no damage. x2
Casting: Tukima's Dance (dangerous; 9% risk of failure)
Confirm with . or Enter, or press ? or * to list all spells.
Casting: Dazzling Flash (dangerous; 3% risk of failure)
Press: ? - help, Dir - look around, f - activate The yak is dazzled.
The orc is dazzled.
The acid dragon is dazzled.
The orc hits you but does no damage.
You feel drained. The yak gores you. The orc misses you.
The acid dragon bites you!
The acid dragon claws you but does no damage.
The yak closely misses you. The yak gores you!
The +9 hunting sling of Prudence {freeze, rPois Will- rCorr Str+4} stops glowing.
Your +1 dagger of venom begins to drip with poison!
b - a +1 dagger of venom (weapon)
You closely miss the acid dragon. You bite the acid dragon.
The acid dragon is lightly wounded.
The orc barely misses you. The yak gores you but does no damage.
The orc hits you with a +2 falchion of pain!
The acid dragon spits acid at you. The splash of acid hits you!
* * * LOW HITPOINT WARNING * * *
The yak misses you. The yak gores you but does no damage.
Casting: Dazzling Flash (dangerous; 4% risk of failure)
Confirm with . or Enter, or press ? or * to list all spells.
Casting: Dazzling Flash (dangerous; 4% risk of failure)
Press: ? - help, Dir - look around, f - activate The orc is dazzled. x2; The yak is dazzled.
The orc completely misses you. The yak gores you!
You die...

....#............#####'##########
....#............#..#....#......#
....#......(.....#..#....#......#
....#............#..'....[(.....#
....#............#..#....#).....#
....#.......[....#########.))...#
....#............[...)...........
....#..........YoD...............
....#..........Y@################
....#..........oY#...............
....#............#...............
....#............#...............
....#............######'##..#..##
....#................#...#..#..#.
....#...............>#...#..#..'.
....#................#...#.[#..#.
#################################


You could see 3 yaks, an acid dragon (blind) and 2 orcs.

Vanquished Creatures
  A hydra (D:9)
  2 two-headed ogres (D:9)
  Pikel (D:7)
  A troll (D:9)
  2 slime creatures
  Menkaure (D:7)
  A water moccasin (D:8)
  3 orc warriors
  A hornet zombie (D:9)
  A black bear (D:4)
  2 ice beasts
  2 necrophages
  2 centaurs
  A phantom (D:5)
  2 kobold brigands
  A lemure (D:7)
  2 bullfrogs (D:9)
  5 scorpions
  2 water moccasin skeletons
  4 killer bees (D:9)
  5 howler monkeys
  3 wights (D:9)
  3 centaur zombies
  A jelly (D:6)
  3 orc priests
  7 iguanas
  Natasha (thrice) (D:2)
  5 orc wizards
  2 killer bee zombies
  A hound skeleton (D:4)
  A howler monkey zombie (D:8)
  A howler monkey skeleton (D:6)
  4 adders
  A shadow imp (D:7)
  3 worms
  23 orcs
  9 bats
  5 endoplasms
  2 giant cockroaches
  5 goblins
  4 hobgoblins
  4 jackals (D:5)
  4 quokkas
  5 ball pythons
  6 frilled lizards
  16 kobolds
  4 rats
167 creatures vanquished.

Vanquished Creatures (others)
  A wizard (D:4)
  A dancing weapon (D:9)
  3 plants (D:3)
5 creatures vanquished.

Grand Total: 172 creatures vanquished

Notes
Turn   | Place    | Note
-------+----------+-------------------------------------------
     0 | D:1      | jjjjhere the Gnoll Conjurer began the quest for the Orb.
     0 | D:1      | Reached XP level 1. HP: 13/13 MP: 6/6
   219 | D:1      | Reached XP level 2. HP: 9/19 MP: 1/7
   399 | D:1      | Learned a level 2 spell: Searing Ray
  1015 | D:2      | Reached skill level 5 in Spellcasting
  1015 | D:2      | Reached XP level 3. HP: 25/25 MP: 0/9
  1294 | D:2      | Reached skill level 1 in Invocations
  1643 | D:2      | Found a faded altar of an unknown god.
  1738 | D:2      | Noticed Natasha
  1746 | D:2      | Killed Natasha
  1747 | D:2      | Reached skill level 1 in Fighting
  1747 | D:2      | Reached skill level 1 in Short Blades
  1747 | D:2      | Reached skill level 1 in Long Blades
  1747 | D:2      | Reached skill level 1 in Axes
  1747 | D:2      | Reached skill level 1 in Maces & Flails
  1747 | D:2      | Reached skill level 1 in Polearms
  1747 | D:2      | Reached skill level 1 in Staves
  1747 | D:2      | Reached skill level 1 in Slings
  1747 | D:2      | Reached skill level 1 in Bows
  1747 | D:2      | Reached skill level 1 in Crossbows
  1747 | D:2      | Reached skill level 1 in Throwing
  1747 | D:2      | Reached skill level 1 in Armour
  1747 | D:2      | Reached skill level 1 in Shields
  1747 | D:2      | Reached skill level 1 in Unarmed Combat
  1747 | D:2      | Reached skill level 1 in Evocations
  1747 | D:2      | Reached XP level 4. HP: 30/32 MP: 7/11
  2186 | D:2      | Noticed Natasha
  2192 | D:2      | Killed Natasha
  2193 | D:2      | Reached skill level 1 in Hexes
  2193 | D:2      | Reached skill level 1 in Summonings
  2193 | D:2      | Reached skill level 1 in Necromancy
  2193 | D:2      | Reached skill level 1 in Translocations
  2193 | D:2      | Reached skill level 1 in Transmutations
  2193 | D:2      | Reached skill level 1 in Fire Magic
  2193 | D:2      | Reached skill level 1 in Ice Magic
  2193 | D:2      | Reached skill level 1 in Air Magic
  2193 | D:2      | Reached skill level 1 in Earth Magic
  2193 | D:2      | Reached skill level 1 in Poison Magic
  2203 | D:2      | Noticed Natasha
  2240 | D:2      | Killed Natasha
  2241 | D:2      | Reached XP level 5. HP: 37/37 MP: 6/12
  2407 | D:3      | Found a runed translucent gate.
  2408 | D:3      | Found a runed translucent gate.
  2409 | D:3      | Found a runed translucent gate.
  2412 | D:3      | Noticed ooooo's ghost (amateur OpCj)
  2419 | D:3      | Noticed a phantom
  2997 | D:3      | Learned a level 3 spell: Dazzling Flash
  3133 | D:3      | Found a white marble altar of Elyvilon.
  3570 | D:4      | Noticed a black bear
  3578 | D:4      | Killed a black bear
  3579 | D:4      | Reached skill level 5 in Dodging
  3579 | D:4      | Reached XP level 6. HP: 41/44 MP: 5/14
  3877 | D:4      | Identified the +9 hunting sling of Prudence {freeze, rPois
                  | Will- rCorr Str+4}
  3981 | D:4      | Found a shimmering blue altar of Sif Muna.
  4087 | D:4      | Found a bloodstained altar of Trog.
  4287 | D:4      | Noticed a wizard
  4292 | D:4      | Killed a wizard
  4361 | D:5      | Entered Level 5 of the Dungeon
  4374 | D:5      | Reached XP level 7. HP: 50/50 MP: 15/15
  4502 | D:5      | Learned a level 2 spell: Ensorcelled Hibernation
  4505 | D:5      | Learned a level 2 spell: Passwall
  4673 | D:5      | Found a staircase to the Ecumenical Temple.
  4679 | Temple   | Entered the Ecumenical Temple
  4768 | D:5      | Reached skill level 5 in Stealth
  4781 | D:5      | Found a blossoming altar of Fedhas.
  4868 | D:5      | Found an opulent altar of Gozag.
  5111 | D:5      | Reached XP level 8. HP: 57/57 MP: 16/16
  5511 | D:6      | Found a burning altar of Makhleb.
  5511 | D:6      | Found a broken altar of Ashenzari.
  5527 | D:6      | Became a worshipper of Makhleb the Destroyer
  5939 | D:6      | Found a runed translucent door.
  5940 | D:6      | Noticed Crazy Yiuf
  6146 | D:7      | Found an ancient bone altar of Kikubaaqudgha.
  6157 | D:7      | Noticed Menkaure
  6161 | D:7      | Killed Menkaure
  6255 | D:7      | Reached XP level 9. HP: 65/65 MP: 18/18
  6296 | D:7      | Found a sacrificial altar of Ru.
  6383 | D:7      | Found Plog's Neck Hole.
  6392 | D:7      | Bought a scarf of repulsion for 156 gold pieces
  6667 | D:7      | Noticed Pikel
  6679 | D:7      | Killed Pikel
  6680 | D:7      | Reached skill level 8 in Conjurations
  7198 | D:8      | Reached * piety under Makhleb
  7225 | D:8      | Found an iron altar of Okawaru.
  7641 | D:8      | Found a sparkling altar of Nemelex Xobeh.
  7853 | D:9      | Noticed a two-headed ogre
  7902 | D:9      | Reached skill level 5 in Invocations
  7910 | D:9      | Noticed an eight-headed hydra
  7920 | D:9      | Killed an eight-headed hydra
  7921 | D:9      | Reached XP level 10. HP: 71/73 MP: 20/20
  7983 | D:8      | Reached skill level 5 in Fighting
  7983 | D:8      | Reached skill level 5 in Short Blades
  7983 | D:8      | Reached skill level 5 in Long Blades
  7983 | D:8      | Reached skill level 5 in Axes
  7983 | D:8      | Reached skill level 5 in Maces & Flails
  7983 | D:8      | Reached skill level 5 in Polearms
  7983 | D:8      | Reached skill level 5 in Staves
  7983 | D:8      | Reached skill level 5 in Slings
  7983 | D:8      | Reached skill level 5 in Bows
  7983 | D:8      | Reached skill level 5 in Crossbows
  7983 | D:8      | Reached skill level 5 in Throwing
  7983 | D:8      | Reached skill level 5 in Armour
  7983 | D:8      | Reached skill level 5 in Shields
  7983 | D:8      | Reached skill level 5 in Unarmed Combat
  7983 | D:8      | Reached skill level 5 in Evocations
  8796 | D:9      | Reached ** piety under Makhleb
  8874 | D:9      | Learned a level 3 spell: Tukima's Dance
  8878 | D:9      | Learned a level 3 spell: Swiftness
  9162 | D:9      | HP: 19/74 [two-headed ogre (13)]
  9175 | D:9      | HP: 9/74 [two-headed ogre (13)]
  9508 | D:9      | Killed a two-headed ogre
  9867 | D:9      | Noticed a two-headed ogre
  9888 | D:9      | Killed a two-headed ogre
 10447 | D:10     | Entered Level 10 of the Dungeon
 10460 | D:10     | Noticed a two-headed ogre
 10784 | D:9      | HP: 24/74 [orc (9)]
 10784 | D:9      | HP: 10/74 [acid dragon/splash of acid (14)]
 10785 | D:9      | Slain by a yak

Illustrated notes

Levels and vault maps discovered:
D:1:      saegor_arrival_simple_b, layout_basic, serial_forest,
          infiniplex_forest_end_3, infiniplex_forest_end_2,
          infiniplex_forest_end_2, infiniplex_forest_end_1,
          infiniplex_forest_lined_ring, infiniplex_forest_corner_1,
          infiniplex_forest_lined_3
D:2:      layout_basic, ebering_ecumenical_altar_rust, uniq_natasha
D:3:      layout_basic, nicolae_elyvilon_temple_path, gammafunk_ghost_split,
          palyth_stone_intersect
D:4:      layout_cave_pods, led_sif_book, trog_wizard
D:5:      layout_basic, mainiacjoe_overflow_cross_hatched,
          mainiacjoe_overflow_alcove_4, minmay_temple_entry_nine_rooms,
          serial_curves, eino_curves_03, eino_curves_03, eino_curves_03,
          minmay_misc_feat_more_columns
D:6:      layout_cave_pools, gammafunk_temple_overflow_pools,
          uniq_crazy_yiuf_cottage
D:7:      layout_basic, hangedman_ru_absence, lemuel_tele_altar, serial_curves,
          eino_curves_02, eino_curves_04, nicolae_shop_sticking_my_neck_out,
          uniq_menkaure, uniq_pikel
D:8:      layout_cave_pools, mainiacjoe_overflow_brackets,
          nemelex_spade_bored_becter
D:9:      layout_grid_maze
D:10:     cheibrodos_fzero, layout_rooms, mainiacjoe_overflow_surrounded_room,
          nzn_hepliaklqana_mist_gate, lair_entry_dummy, serial_glass,
          glass_columns_a, glass_columns_c, serial_shops, shop,
          minmay_starry_boxes
Temple:   corrupted_temple

Skill      XL: |  1  2  3  4  5  6  7  8  9 10 |
---------------+-------------------------------+-----
Spellcasting   | 5 6 7 |  7.6
Invocations    | 1 2 3 4 5 6 |  6.2
Fighting       | 1 2 3 4 5 |  5.6
Short Blades   | 1 2 3 4 5 |  5.6
Long Blades    | 1 2 3 4 5 |  5.6
Axes           | 1 2 3 4 5 |  5.6
Maces & Flails | 1 2 3 4 5 |  5.6
Polearms       | 1 2 3 4 5 |  5.6
Staves         | 1 2 3 4 5 |  5.6
Slings         | 1 2 3 4 5 |  5.6
Bows           | 1 2 3 4 5 |  5.6
Crossbows      | 1 2 3 4 5 |  5.6
Throwing       | 1 2 3 4 5 |  5.6
Armour         | 1 2 3 4 5 |  5.6
Shields        | 1 2 3 4 5 |  5.6
Unarmed Combat | 1 2 3 4 5 |  5.6
Evocations     | 1 2 3 4 5 |  5.6
Hexes          | 1 2 3 4 |  4.6
Summonings     | 1 2 3 4 |  4.6
Necromancy     | 1 2 3 4 |  4.6
Translocations | 1 2 3 4 |  4.6
Transmutations | 1 2 3 4 |  4.6
Fire Magic     | 1 2 3 4 |  4.6
Ice Magic      | 1 2 3 4 |  4.6
Air Magic      | 1 2 3 4 |  4.6
Earth Magic    | 1 2 3 4 |  4.6
Poison Magic   | 1 2 3 4 |  4.6
Dodging        | 5 6 7 |  7.3
Stealth        | 5 6 7 |  7.1
Conjurations   | 8 |  8.6

Action                   |  1- 3 |  4- 6 |  7- 9 | 10-12 || total
-------------------------+-------+-------+-------+-------++-------
Melee: Short sword       |    48 |    53 |       |       ||   101
       Unarmed           |     1 |       |       |       ||     1
       Bite              |     2 |     4 |     1 |     1 ||     8
       Punch             |     1 |       |       |       ||     1
       Dagger            |       |       |     7 |     2 ||     9
 Fire: Hunting sling     |       |     9 |   214 |   111 ||   334
 Cast: Magic Dart        |    29 |       |       |       ||    29
       Searing Ray       |     6 |    13 |     3 |       ||    22
       Ensorcelled Hiber |       |       |     2 |    10 ||    12
       Tukima's Dance    |       |       |       |     5 ||     5
       Dazzling Flash    |       |       |       |     2 ||     2
       Passwall          |       |       |       |     1 ||     1
Evoke: Tin of tremorston |       |       |       |     1 ||     1
       Condenser vane    |       |       |       |     1 ||     1
  Use: Scroll            |       |     8 |     3 |     4 ||    15
 Stab: Sleeping          |     4 |     3 |     2 |     1 ||    10
       Distracted        |     1 |       |       |       ||     1
Armor: Robe              |    20 |    18 |    11 |       ||    49
       Ring mail         |       |       |    18 |    21 ||    39
Dodge: Dodged            |    46 |    45 |    32 |    28 ||   151
